Map: Orbital Shipyard

Players

EZWarlordz

  • Race: Protoss Protoss
  • League: Master

Matiz - Winner!

  • Race: Zerg Zerg
  • League: Master

Event: Lycan League Weekly August #3

VOD

Have the link to the VOD?

Description

Time

  • Played on: Aug. 17, 2015, 12:48 p.m.
  • Length: 18:01

All games in this series

Show
View Real Time Build Order
Export as new Build Order

EZWarlordz Protoss 

Build Orders:  

Get SALT Encoding   

  12  0:01  Probe  
  13  0:16  Pylon  
  13  0:18  Probe  
  14  0:34  Probe (Chrono Boost)  
  15  0:45  Probe (Chrono Boost)  
  16  0:51  Probe  
  17  1:04  Probe (Chrono Boost)  
  18  1:13  Nexus  
  18  1:14  Probe (Chrono Boost)  
  19  1:21  Probe  
  19  1:25  Forge  
  20  1:32  Gateway  
  20  1:46  Pylon  
  20  1:48  Probe (Chrono Boost)  
  21  1:56  Pylon  
  21  2:00  Photon Cannon  
  21  2:03  Probe (Chrono Boost)  
  22  2:11  Photon Cannon  
  22  2:17  Probe  
  22  2:19  Zealot (Chrono Boost)  
  25  2:28  Cybernetics Core  
  25  2:37  Assimilator  
  25  2:43  Assimilator  
  25  2:45  Photon Cannon  
  25  2:50  Probe (Chrono Boost)  
  27  2:59  Probe (Chrono Boost)  
  27  3:00  Probe (Chrono Boost)  
  27  3:05  Probe (Chrono Boost)  
  29  3:07  Probe  
  30  3:17  Probe  
  30  3:19  Probe  
  32  3:27  Robotics Facility  
  32  3:29  Probe  
  32  3:31  Probe  
  32  3:32  Pylon  
  33  3:37  Stalker  
  35  3:41  Probe (Chrono Boost)  
  35  3:44  Probe (Chrono Boost)  
  37  3:53  Probe (Chrono Boost)  
  37  3:55  Probe (Chrono Boost)  
  39  3:59  Probe (Chrono Boost)  
  39  4:01  Probe (Chrono Boost), Warp Gate  
  41  4:06  Pylon  
  41  4:10  Probe  
  41  4:13  Probe  
  41  4:14  Immortal (Chrono Boost)  
  47  4:20  Assimilator  
  47  4:21  Assimilator  
  47  4:22  Probe  
  48  4:27  Gateway  
  50  4:31  Sentry (Chrono Boost)  
  50  4:39  Gateway x2  
  50  4:42  Gateway  
  52  4:46  Warp Prism (Chrono Boost)  
  52  4:55  Probe (Chrono Boost), Stargate  
  52  4:56  Probe (Chrono Boost)  
  52  4:58  Protoss Ground Weapons Level 1 (Chrono Boost)  
  54  5:05  Pylon  
  54  5:07  Probe (Chrono Boost)  
  54  5:08  Probe (Chrono Boost)  
  56  5:15  Immortal (Chrono Boost)  
  60  5:25  Stargate  
  60  5:32  Mothership Core  
  63  5:35  Probe  
  63  5:39  Pylon x2  
  63  5:47  Probe  
  64  5:50  Pylon  
  64  6:03  Observer  
  64  6:04  Oracle  
  67  6:12  Stargate  
  67  6:13  Gateway  
  67  6:15  Gateway  
  67  6:17  Gateway  
  67  6:18  Adept  
  67  6:19  Adept x3  
  75  6:36  Oracle (Chrono Boost)  
  78  6:53  Oracle (Chrono Boost)  
  81  7:01  Nexus  
  81  7:04  Stalker x4  
  81  7:05  Pylon  
  81  7:08  Pylon  
  89  7:20  Oracle (Chrono Boost)  
  92  7:32  Photon Cannon  
  92  7:33  Photon Cannon  
  92  7:35  Photon Cannon  
  92  7:37  Photon Cannon  
  95  7:46  Probe  
  95  7:47  Probe  
  95  7:48  Zealot x4  
  95  7:49  Oracle (Chrono Boost)  
  105  7:57  Adept  
  107  7:59  Probe x2  
  99  8:09  Stalker  
  99  8:10  Stalker x2  
  101  8:14  Oracle  
  101  8:19  Probe x2  
  92  8:35  Adept x5  
  92  8:36  Adept x2  
  92  8:38  Probe x3  
  103  8:47  Immortal (Chrono Boost)  
  107  8:50  Probe x2  
  107  8:52  Assimilator  
  107  8:53  Assimilator  
  101  9:07  Stalker x3  
  101  9:08  Stalker x2  
  111  9:13  Oracle (Chrono Boost)  
  114  9:39  Probe x3  
  114  9:42  Fleet Beacon, Pylon  
  114  9:43  Pylon  
  117  9:46  Observer  
  117  9:50  Protoss Ground Armor Level 1 (Chrono Boost)  
  117  9:52  Probe x2 (Chrono Boost)  
  121  9:53  Probe (Chrono Boost), Protoss Air Weapons Level 1 (Chrono Boost)  
  121  10:02  Nexus  
  121  10:03  Probe x3 (Chrono Boost)  
  121  10:06  Pylon  
  124  10:07  Pylon  
  124  10:08  Observer  
  124  10:09  Probe  
  124  10:14  Carrier x2 (Chrono Boost)  
  132  10:42  Probe x3  
  141  10:46  Photon Cannon  
  141  10:48  Photon Cannon  
  141  10:51  Photon Cannon  
  141  10:52  Photon Cannon  
  141  10:54  Photon Cannon  
  141  10:55  Photon Cannon  
  141  10:56  Photon Cannon  
  141  10:59  Photon Cannon  
  141  11:06  Carrier (Chrono Boost)  
  141  11:08  Carrier (Chrono Boost)  
  147  11:23  Carrier (Chrono Boost)  
  159  11:49  Carrier (Chrono Boost)  
  159  11:57  Carrier (Chrono Boost)  
  166  12:18  Stalker  
  168  12:36  Pylon  
  168  12:40  Pylon  
  167  12:44  Pylon  
  167  12:48  Pylon  
  167  12:49  Protoss Air Weapons Level 2 (Chrono Boost)  
  167  12:55  Carrier (Chrono Boost)  
  165  13:02  Nexus  
  168  13:15  Nexus  
  168  13:18  Stalker  
  169  13:28  Pylon  
  169  13:31  Carrier (Chrono Boost)  
  169  13:32  Carrier (Chrono Boost)  
  165  13:38  Pylon  
  170  14:21  Phoenix (Chrono Boost)  
  168  14:37  Phoenix (Chrono Boost)  
  172  14:43  Graviton Catapult  
  172  14:44  Phoenix (Chrono Boost)  
  171  14:49  Phoenix (Chrono Boost)  
  171  14:54  Phoenix (Chrono Boost)  
  167  15:06  Phoenix (Chrono Boost)  
  171  15:10  Phoenix (Chrono Boost)  
  171  15:12  Phoenix (Chrono Boost)  
  173  15:30  Phoenix (Chrono Boost)  
  173  15:33  Phoenix x2 (Chrono Boost)  
  177  15:40  Nexus, Anion Pulse-Crystals  
  161  15:54  Phoenix (Chrono Boost)  
  161  15:55  Phoenix (Chrono Boost)  
  161  16:17  Phoenix  
  158  16:42  Stargate, Phoenix  
  152  16:50  Nexus  
  144  17:20  Stalker  
  144  17:21  Stalker x4  
  143  17:43  Stalker x2  
  111  17:55  Adept  
Show
View Real Time Build Order
Export as new Build Order

Matiz Zerg - Winner!

Build Orders: Pool First 

Get SALT Encoding   

  12  0:01  Drone  
  13  0:12  Overlord  
  13  0:18  Drone  
  14  0:25  Extractor  
  14  0:27  Drone  
  15  0:31  Drone  
  15  0:35  Drone  
  17  0:45  Spawning Pool  
  17  0:48  Drone  
  17  0:56  Drone  
  18  1:00  Extractor  
  17  1:14  Hatchery  
  16  1:20  Drone x2  
  18  1:34  Queen  
  18  1:35  Zergling x2  
  21  1:42  Overlord  
  21  1:50  Zergling x2  
  22  2:07  Metabolic Boost  
  22  2:10  Queen  
  22  2:15  Zergling x2  
  25  2:17  Drone  
  26  2:25  Drone  
  26  2:27  Drone  
  28  2:32  Drone  
  28  2:41  Drone x2  
  30  2:46  Drone x3  
  30  2:50  Overlord  
  33  2:57  Hatchery  
  32  3:00  Drone x2  
  32  3:03  Drone  
  35  3:10  Overlord  
  35  3:16  Zergling x2  
  36  3:22  Zergling x6  
  36  3:23  Zergling x6  
  36  3:26  Overlord  
  42  3:36  Overlord  
  42  3:39  Drone  
  42  3:40  Drone x2  
  45  3:48  Drone x3  
  45  3:54  Drone  
  45  3:55  Drone x2  
  51  3:59  Drone  
  52  4:07  Roach Warren  
  51  4:11  Queen  
  51  4:12  Overlord  
  53  4:17  Overlord  
  53  4:19  Drone x2  
  53  4:20  Drone x2  
  56  4:28  Drone  
  57  4:32  Drone x2  
  59  4:39  Overlord  
  59  4:40  Drone  
  59  4:41  Drone x2  
  59  4:42  Drone x5  
  67  4:45  Overlord  
  67  4:48  Lair  
  67  4:53  Extractor  
  67  4:55  Overlord  
  66  5:02  Overlord, Extractor  
  66  5:06  Roach  
  67  5:07  Spine Crawler x2  
  67  5:08  Overlord  
  67  5:09  Roach  
  67  5:14  Drone x2  
  69  5:23  Roach  
  69  5:24  Overlord  
  69  5:26  Roach, Extractor  
  72  5:29  Overlord  
  72  5:30  Roach  
  72  5:32  Queen  
  72  5:34  Roach  
  78  5:36  Roach  
  78  5:42  Roach x2  
  84  5:45  Spine Crawler  
  84  5:47  Roach  
  85  5:53  Roach x2  
  85  5:54  Roach  
  91  6:05  Drone x7  
  91  6:09  Glial Reconstitution  
  91  6:10  Overlord  
  98  6:14  Overlord  
  98  6:16  Roach x4  
  98  6:17  Roach x2  
  110  6:21  Overlord  
  110  6:25  Roach x3, Extractor  
  116  6:31  Roach x2  
  119  6:33  Drone x2  
  119  6:35  Overlord  
  117  6:44  Overlord  
  117  6:45  Roach x2  
  111  6:59  Roach x5  
  111  7:00  Roach x2  
  121  7:05  Overlord  
  121  7:06  Roach x2  
  125  7:11  Overlord  
  125  7:13  Drone x2, Queen  
  127  7:18  Roach  
  127  7:19  Hatchery, Roach x4  
  135  7:37  Roach x7  
  145  7:48  Burrow  
  142  8:03  Roach x9  
  151  8:08  Drone  
  143  8:17  Drone x6, Hydralisk Den  
  142  8:26  Drone x2  
  142  8:27  Drone x3  
  130  8:28  Drone x2  
  130  8:33  Evolution Chamber, Drone  
  131  8:34  Drone  
  131  8:35  Evolution Chamber, Drone x3, Extractor, Overlord  
  129  8:44  Drone x2  
  129  8:48  Muscular Augments  
  131  8:51  Overlord  
  131  8:52  Drone x2, Infestation Pit  
  131  8:54  Extractor  
  131  8:57  Extractor  
  131  8:58  Drone x3  
  131  9:01  Drone x4  
  127  9:03  Drone x3  
  127  9:05  Zerg Missile Weapons Level 1, Zerg Ground Armor Level 1  
  128  9:10  Spore Crawler  
  128  9:11  Spore Crawler  
  128  9:13  Overlord  
  128  9:14  Spore Crawler, Hydralisk x2  
  129  9:22  Drone x2  
  129  9:23  Drone  
  126  9:31  Overlord  
  126  9:33  Hydralisk x6  
  126  9:35  Overseer  
  138  9:42  Hydralisk x3  
  138  9:43  Hydralisk  
  138  9:45  Lurker Den  
  146  9:50  Spore Crawler  
  145  9:53  Hydralisk x4  
  153  10:02  Overseer  
  153  10:06  Zergling x4  
  155  10:07  Hydralisk x2  
  155  10:08  Hydralisk x3  
  165  10:20  Hive  
  165  10:21  Drone x2  
  167  10:24  Hydralisk x3  
  149  10:41  Drone x8  
  149  10:42  Spire  
  156  10:56  Hatchery  
  155  11:03  Drone  
  156  11:18  Zerg Ground Armor Level 2, Zerg Missile Weapons Level 2  
  156  11:20  Drone x2  
  158  11:30  Hydralisk  
  158  11:31  Hydralisk x2  
  164  11:37  Hatchery  
  163  11:41  Spore Crawler  
  162  11:59  Mutalisk x8  
  168  12:13  Mutalisk x2  
  170  12:19  Overlord  
  165  12:36  Hatchery  
  162  12:42  Mutalisk x4  
  170  13:01  Mutalisk x3  
  170  13:02  Mutalisk  
  170  13:03  Hatchery  
  177  13:11  Hatchery  
  176  13:18  Corruptor x2  
  179  13:40  Viper x2  
  181  13:45  Drone x2  
  181  13:46  Drone x3  
  181  13:47  Corruptor  
  188  13:58  Corruptor  
  188  13:59  Corruptor  
  188  14:01  Drone  
  188  14:02  Drone  
  191  14:25  Corruptor x4  
  191  14:29  Drone  
  200  14:40  Extractor  
  200  14:45  Extractor  
  198  15:06  Zerg Ground Armor Level 3, Zerg Missile Weapons Level 3  
  198  15:07  Zerg Flyer Weapons Level 1  
  198  15:20  Viper x2  
  194  15:28  Corruptor x2  
  194  15:30  Drone x2  
  194  15:31  Drone  
  194  15:32  Extractor  
  194  15:33  Extractor  
  194  15:34  Drone x2  
  194  15:35  Drone  
  182  16:31  Spore Crawler x2, Corruptor x13  
  182  16:32  Spore Crawler x2  
  195  16:33  Spore Crawler x2  
  186  16:42  Viper  
  185  16:53  Drone  
  182  17:02  Hydralisk x7, Zergling x2  
  182  17:04  Corruptor  
  195  17:29  Hydralisk x9  
  192  17:35  Extractor  

Tags
 
Add a new tag
Caveats
  • Supply blocks, unpowered buildings, or Contaminate may cause inaccurate times.
  • Supply counts are checked every 10 seconds.